 Dungeon Crawl Stone Soup version 0.20-a0-386-g2d247ea (webtiles) character file.

853875 kazak the Pyromancer (level 27, -3/203 HPs)
             Began as an Octopode Fire Elementalist on Dec 28, 2016.
             Was a High Priest of Sif Muna.
             Killed from afar by a white draconian annihilator (37 damage)
             ... with an iron shot
             ... on level 27 of a ziggurat on Dec 29, 2016.
             The game lasted 07:03:11 (107948 turns).

kazak the Pyromancer (Octopode Fire Elementalist) Turns: 107948, Time: 07:03:11

Health: -3/203     AC: 10    Str:  9    XL:     27
Magic:  0/57       EV: 22    Int: 31    God:    Sif Muna [*****.]
Gold:   5485       SH: 21    Dex: 16    Spells: 1/69 levels left

rFire  + + +     SeeInvis +     a - staff of conjuration
rCold  + + .     Gourm    .     g - +3 buckler {rC+}
rNeg   + + +     Faith    .     E - +1 hat of Lucidity {rCorr}
rPois  ∞         Spirit   .     H - brooch of Shielding {Reflect SH+8}
rElec  +         Reflect  +     Y - ring of wizardry
rCorr  +         Harm     .     k - ring of Heatot Ytikk {rF+ rC+ rN+}
MR     +++++                    T - ring of Plog {rF+ Int+4}
Stlth  +++++.....               N - ring of Equivalence {rF+ rN+ MP+9 SInv}
                                z - ring of Doors {MR+ Dex+2}
                                V - ring "Kaxtay" {rElec rPois}
                                f - ring of fire
                                U - ring of the Modern Orbs {rF+ MR+}

@: lich-form, very slightly contaminated, studying Unarmed Combat, no casting
A: almost no armour, stealthy swim, amphibious, 8 rings, constrict 8, molten
scales 1, camouflage 1, gelatinous body 1
}: 4/15 runes: barnacled, slimy, silver, gossamer
a: End Transformation, Stop Divine Energy, Channel Magic, Forget Spell, Renounce
Religion


You were on level 27 of a ziggurat.
You worshipped Sif Muna.
Sif Muna was extremely pleased with you.
You were not hungry.
You were a lich.
You visited 11 branches of the dungeon, and saw 53 of its levels.
You visited the Abyss 2 times.
You visited 1 ziggurat, and saw 27 of its levels.
You also visited: Labyrinth, Ossuary and Bailey.

You collected 8152 gold pieces.
You spent 2667 gold pieces at shops.

Inventory:

Hand Weapons
 b - a +8 demon trident of electrocution
Armour
 g - a +3 buckler of cold resistance (worn)
 E - the +1 hat of Lucidity (worn) {rCorr}
   (You acquired it on level 5 of the Depths)

   It protects you from acid and corrosion.
Magical Staves
 a - an uncursed staff of conjuration (weapon)
 w - an uncursed staff of fire
Jewellery
 f - a ring of fire (on tentacle)
 k - the ring of Heatot Ytikk (right tentacle) {rF+ rC+ rN+}
   (You found it on level 4 of a ziggurat)

   [ring of positive energy]

   It protects you from fire.
   It protects you from cold.
   It protects you from negative energy.
 z - the ring of Doors (on tentacle) {MR+ Dex+2}
   (You found it on level 5 of the Pits of Slime)

   [ring of protection from magic]

   It affects your dexterity (+2).
   It affects your resistance to hostile enchantments.
 H - the brooch of Shielding (around mantle) {Reflect SH+8}
   (You took it off a deep elf mage on level 3 of the Elven Halls)

   [amulet of reflection]

   It shields you and reflects attacks.
   It affects your SH (+8).
 I - the ring "Bafoacaz" {+Fly rElec SInv}
   (You found it on level 15 of a ziggurat)

   [ring of flight]

   It insulates you from electricity.
   It lets you see invisible.
   It lets you fly.
 N - the ring of Equivalence (on tentacle) {rF+ rN+ MP+9 SInv}
   (You took it off a frost giant on level 3 of the Vaults)

   [ring of protection from fire]

   It protects you from fire.
   It protects you from negative energy.
   It affects your magic capacity (+9).
   It lets you see invisible.
 T - the ring of Plog (on tentacle) {rF+ Int+4}
   (You found it on level 20 of a ziggurat)

   [ring of protection from fire]

   It affects your intelligence (+4).
   It protects you from fire.
 U - the ring of the Modern Orbs (on tentacle) {rF+ MR+}
   (You found it on level 9 of a ziggurat)

   [ring of protection from magic]

   It protects you from fire.
   It affects your resistance to hostile enchantments.
 V - the ring "Kaxtay" (on tentacle) {rElec rPois}
   (You found it on level 18 of a ziggurat)

   [ring of poison resistance]

   It insulates you from electricity.
   It protects you from poison.
 X - the ring of Varphey {rN+++ MR+ Str-4 Int+2 Stlth+}
   (You found it on level 9 of a ziggurat)

   [ring of stealth]

   It affects your strength (-4).
   It affects your intelligence (+2).
   It renders you almost immune to negative energy.
   It affects your resistance to hostile enchantments.
   It makes you more stealthy.
 Y - a ring of wizardry (left tentacle)
 Z - the ring of Cemof {*Slow MR+++ EV+2 Int+8 Stlth-}
   (You found it on level 23 of a ziggurat)

   [ring of evasion]

   It affects your evasion (+2).
   It affects your intelligence (+8).
   It affects your resistance to hostile enchantments.
   It may slow you when you take damage.
   It makes you less stealthy.
Wands
 A - a wand of disintegration (14/24)
Scrolls
 c - 21 scrolls of fog
 d - 9 scrolls of enchant armour
 e - 43 scrolls of remove curse
 o - 30 scrolls of teleportation
 q - 3 scrolls of fear
 t - 11 scrolls of recharging
 y - 10 scrolls of identify
 G - 2 scrolls of enchant weapon
 J - a scroll of blinking
 K - 5 scrolls of holy word
 O - 3 scrolls of magic mapping
 P - a scroll of amnesia
Potions
 h - 15 potions of curing
 j - 3 potions of resistance
 m - 4 potions of magic
 n - 4 potions of haste
 p - 5 potions of cancellation
 u - 13 potions of cure mutation
 x - 13 potions of heal wounds
 C - 2 potions of agility
 F - 6 potions of brilliance
 L - a potion of flight
 Q - a potion of ambrosia
 W - 2 potions of invisibility
Books
 i - a book of the Dragon

   Spells                             Type                      Level
   a - Flame Tongue                   Conjuration/Fire             1
   b - Cause Fear                     Hexes                        4
   c - Bolt of Fire                   Conjuration/Fire             6
   d - Dragon Form                    Transmutation                7
   e - Dragon's Call                  Summoning                    9
 B - a manual of Unarmed Combat
 R - a book of the Warp

   Spells                             Type                      Level
   a - Gell's Gravitas                Hexes/Translocation          3
   b - Portal Projectile              Translocation                3
   c - Force Lance                    Conjuration/Translocation    4
   d - Dispersal                      Translocation                6
   e - Controlled Blink               Translocation                8
   f - Disjunction                    Translocation                8
Miscellaneous
 v - 8 sacks of spiders
 M - 11 phantom mirrors
 S - 2 boxes of beasts
Comestibles
 r - 23 meat rations


   Skills:
 - Level 20.5 Fighting
 - Level 12.0 Dodging
 - Level 7.5 Stealth
 + Level 20.9 Shields
 - Level 21.7 Spellcasting
 - Level 25.0 Conjurations
 - Level 18.0 Necromancy
 - Level 16.0 Translocations
 - Level 15.0 Transmutations
 - Level 26.2 Fire Magic
 - Level 16.5 Invocations


You had one spell level left.
You knew the following spells:

 Your Spells              Type           Power        Failure   Level  Hunger
a - Bolt of Fire          Conj/Fire      #########.   0%          6    N/A
b - Fireball              Conj/Fire      #########.   0%          5    N/A
c - Fire Storm            Conj/Fire      #########.   1%          9    N/A
d - Conjure Flame         Conj/Fire      ########     0%          3    N/A
e - Inner Flame           Hex/Fire       ########     0%          3    N/A
f - Blink                 Tloc           N/A          0%          2    N/A
g - Spellforged Servitor  Conj/Summ      ########..   3%          7    N/A
h - Apportation           Tloc           #######...   0%          1    N/A
i - Orb of Destruction    Conj           ########..   1%          7    N/A
j - Repel Missiles        Chrm/Air       ####..       1%          2    N/A
k - Disjunction           Tloc           #######...   4%          8    N/A
l - Necromutation         Tmut/Necr      ########..   4%          8    N/A
m - Ring of Flames        Chrm/Fire      ########..   1%          7    N/A

Dungeon Overview and Level Annotations

Branches:
Dungeon (15/15)            Temple (0/1) D:6            Lair (6/6) D:8
 Shoals (4/4) Lair:3       Spider (4/4) Lair:3        Slime (5/5) Lair:6
    Orc (2/2) D:9             Elf (3/3) Orc:2        Vaults (5/5) D:14
  Crypt (3/3) Vaults:3       Tomb (0/3) Crypt:3      Depths (5/5) D:15
    Zot (1/5) Depths:5

Altars:
Ashenzari
Cheibriados
Dithmenos
Kikubaaqudgha
Makhleb
Nemelex Xobeh
Sif Muna
Yredelemnul
The Shining One
Beogh
Jiyva

Shops:
D:5 *   D:11 *   D:13 (   Orc:1 }   Orc:2 [}?!   Elf:1 (   Elf:2 :   Vaults:1 :
Vaults:2 :*%}   Depths:2 (

Portals:
Hell: Lair:6 Depths:1 Depths:2 Depths:3 Depths:4 Depths:5
Abyss: Depths:1 Depths:4
Pandemonium: Orc:2 Depths:1 Depths:2 Depths:3 Depths:4
Trove: D:10 (give 7 scrolls of blinking)

Annotations:
Elf:2 3 runed doors


Innate Abilities, Weirdness & Mutations

You cannot wear most types of armour.
You are very stealthy in the water. (Stealth+)
You are amphibious.
You can wear up to eight rings at the same time.
You can use your tentacles to constrict eight enemies at once.
Your skin changes colour to match your surroundings (Stealth+).
Your rubbery body absorbs attacks. (AC +1, EV +1)
You are partially covered in molten scales. (AC +2)


Message History

Your fire vortex completely resists.
Sif Muna accepts your kill. Sif Muna grants you divine energy.
You briefly lose access to your magic!
The green draconian shifter barely misses your fire vortex.
The green draconian shifter tail-slaps your fire vortex.
The red draconian monk hits your fire vortex!!
Your fire vortex dissipates!
The black draconian shifter gestures wildly while chanting.
The red draconian stormcaller blinks!
The red draconian stormcaller blinks into view!
The white draconian annihilator blinks into view!
The white draconian monk blinks into view!
The white draconian annihilator blinks into view!
The white draconian monk is engulfed in roaring flames.
The white draconian monk breathes frost at you.
The chilling blast hits you! You resist.
* * * LOW HITPOINT WARNING * * *
The white draconian annihilator points at you and mumbles some strange words.
The iron shot hits you!
You die...

▓▓▓ ▓... ▓....
▓▓...%...
▓▓........ q
▓▓q.....). ).
▓▓Lq..v.v# .§q
▓▓qqq...%.##§.qd
▓▓.§v§v§§§...q.qq
▓▓..§§vv§§§§q.qv))
▓.∩.v§§vvv§qq.§vq.
▓▓..§§§vv§§§..q.qv
▓▓.§§§§§vqq§...q)
▓▓§§v§.v..##)qq.
▓▓...v...# )..


You could see 3 draconians, 3 draconians, a red draconian stormcaller (inner
flame), 3 draconians and 15 friendly fire vortices.

Vanquished Creatures
  the Royal Jelly (Slime:5)
  2 ancient liches (Zig:19)
  An orb of fire (Zot:1)
  Mara (Crypt:1)
  Mennas (Crypt:1)
  9 greater mummies
  3 juggernauts
  The ghost of mamga the Sorcerer, a legendary DEFE of Vehumet (Zig:22)
  A curse toe (Crypt:3)
  Xtahua (Depths:5)
  Nikola (Elf:1)
  A profane servitor (Abyss:2)
  16 golden dragons
  A pearl dragon (Zig:3)
  2 bone dragons
  Arachne (Spider:2)
  A Tzitzimitl (Zig:20)
  3 Brimstone Fiends
  Jorgrun (Spider:4)
  A doom hound (Zig:14)
  3 hellephants
  The ghost of ragingAgnostic the Marksdemigod, an adept DgWn (Vaults:1)
  3 Hell Sentinels (Zig:20)
  17 tentacled monstrosities
  Rupert (Orc:2)
  An Ice Fiend (Zig:20)
  17 liches
  2 pandemonium lords
  15 titans
  3 deep elf master archers
  2 deep elf blademasters (Elf:3)
  3 quicksilver dragons
  8 death cobs (Zot:1)
  2 Executioners (Zig:11)
  53 acid blobs
  A sphinx (shapeshifter) (Depths:3)
  Frances (Spider:2)
  2 krakens
  14 tentacled starspawn
  9 sphinxes
  Donald (Orc:2)
  7 ancient champions
  4 storm dragons
  2 tengu reavers
  Agnes (Elf:1)
  4 thorn hunters
  Roxanne (D:14)
  3 nagarajas (Zig:18)
  10 shadow dragons
  2 draconian monks (Zig:27)
  28 azure jellies
  13 fire giants
  3 draconian knights
  3 blood saints (Zig:20)
  2 iron dragons
  9 frost giants
  A juggernaut zombie (Zig:24)
  4 deep elf elementalists (Elf:3)
  Louise (Depths:1)
  An orc warlord (Zig:19)
  9 draconian scorchers
  19 ghost moths
  13 balrugs
  11 vault wardens
  5 deep elf sorcerers
  An emperor scorpion (shapeshifter) (Depths:3)
  16 draconian stormcallers
  5 warmongers
  4 cacodemons
  A caustic shrike zombie (Zig:7)
  2 curse skulls (Crypt:3)
  10 emperor scorpions
  Aizul (Shoals:1)
  7 draconian shifters
  15 ironheart preservers
  A spriggan defender (Depths:5)
  2 juggernaut skeletons (Zig:24)
  6 draconian annihilators
  2 caustic shrike skeletons (Zig:24)
  12 reapers
  An angel (Zig:3)
  9 ghouls
  A war gargoyle (Vaults:5)
  17 entropy weavers
  25 stone giants
  25 very ugly things
  3 ophanim
  2 green draconians
  10 vampire knights
  2 corrupters (Zig:11)
  10 deep elf demonologists
  3 lorocyprocas
  8 black draconians
  3 bennus (Zig:17)
  2 purple draconians
  A dire elephant (Zig:12)
  2 white draconians
  4 yellow draconians
  10 spark wasps
  6 red draconians
  8 deep elf annihilators
  16 green deaths
  The ghost of Hypnoxylon the Basher, a journeyman MiGl of Ashenzari (D:9)
  6 blizzard demons
  A crystal guardian (Vaults:5)
  20 ettins
  Snorg (Orc:2)
  10 deep elf death magi
  16 death oozes
  10 jiangshi
  9 eidola
  12 merfolk impalers
  A minotaur (Lab)
  7 mummy priests
  Josephine (Orc:2)
  9 merfolk javelineers
  A minotaur (shapeshifter) (Depths:2)
  20 yaktaur captains
  9 fire dragons
  Erolcha (Orc:2)
  26 great orbs of eyes
  2 quicksilver dragon zombies (Zig:24)
  7 deep elf high priests
  A great orb of eyes (shapeshifter) (Zig:19)
  23 vault guards
  17 ice dragons
  9 rakshasas
  Erica (D:15)
  6 merfolk avatars
  2 hell beasts
  3 spriggan air magi
  A quicksilver dragon skeleton (Zig:14)
  21 hydras
  2 anacondas (shapeshifter)
  5 alligator snapping turtles
  5 catoblepae
  36 two-headed ogres
  An alligator snapping turtle (shapeshifter) (Vaults:4)
  2 anacondas (Zig:18)
  13 centaur warriors
  13 ogre magi
  A satyr (Shoals:4)
  A death knight (Vaults:4)
  29 dancing weapons
  8 vampire magi
  8 death scarabs (Spider:4)
  11 deep troll shamans
  A two-headed ogre (shapeshifter) (Vaults:4)
  5 merfolk aquamancers
  9 deep troll earth magi
  3 alligators
  3 hell hogs
  Urug (D:12)
  7 tengu warriors
  A hellephant zombie (Crypt:2)
  6 orc high priests (Orc:2)
  A queen ant (Spider:2)
  6 spriggan berserkers
  14 death yaks
  3 titan zombies
  5 spriggans
  4 soul eaters
  5 thrashing horrors
  2 sun demons (Depths:5)
  Nergalle (Lair:1)
  28 deep elf knights
  The ghost of BlueFish the Cleaver, a novice MiFi of Uskayaw (D:8)
  7 shadow wraiths
  2 storm dragon zombies
  8 wretched stars
  2 spectral emperor scorpions (Spider:4)
  20 sea snakes
  The ghost of Da5id the Destroyer, a novice DECj (D:10)
  25 skeletal warriors
  A fire crab (shapeshifter) (D:15)
  3 hell knights
  2 iron trolls
  6 sixfirhies
  A golden dragon zombie (Zig:24)
  A spark wasp zombie (Depths:2)
  3 storm dragon skeletons
  34 deep trolls
  4 spatial maelstroms
  2 deep trolls (shapeshifter)
  6 death drakes (Zig:23)
  14 unseen horrors
  The ghost of archon2 the Destroyer, a novice DrFE of Sif Muna (Bailey)
  3 spriggan druids
  13 swamp dragons
  A quicksilver dragon simulacrum (Depths:2)
  A glowing orange brain (shapeshifter) (Depths:4)
  6 shadow demons
  6 flayed ghosts
  11 glowing orange brains
  An infernal demonspawn (Orc:2)
  An iron giant zombie (Crypt:3)
  A lindwurm (shapeshifter) (Zig:10)
  4 wizards
  An obsidian statue (Zig:9)
  5 shambling mangroves
  2 sphinx zombies
  4 golden dragon skeletons
  3 wolf spider zombies
  A naga ritualist (Zig:18)
  Pikel (D:8)
  27 deep elf archers
  7 necromancers
  41 harpies
  A shadow dragon zombie (Zig:17)
  An iron dragon zombie (Crypt:1)
  17 phantasmal warriors
  45 ugly things
  16 ironbrand convokers
  81 deep elf magi
  20 orc knights
  A spectral wolf spider (Spider:4)
  2 stone giant zombies
  24 orb spiders
  9 orc sorcerers
  A tengu skeleton (Zig:17)
  A shadow dragon skeleton (Zig:17)
  38 wolf spiders
  30 manticores
  A faun (shapeshifter) (Zig:10)
  17 moths of wrath
  10 oklob plants
  14 fauns
  8 shining eyes
  2 mana vipers (shapeshifter)
  7 centaur zombies
  An iron dragon skeleton (Zig:7)
  5 worldbinders
  6 merfolk sirens
  A frost giant zombie (Vaults:5)
  4 cyclopes
  15 elephants
  Joseph (D:8)
  A stone giant skeleton (Depths:2)
  5 torpor snails
  A frost giant skeleton (Abyss:1)
  6 black mambas
  21 vault sentinels
  17 spiny frogs
  6 smoke demons
  10 water nymphs
  A guardian serpent (Zig:18)
  12 eyes of devastation
  An apocalypse crab (Abyss:3)
  2 elf skeletons
  A catoblepas zombie (Crypt:1)
  7 orange demons
  A grey draconian zombie (Crypt:1)
  10 hellions
  10 freezing wraiths
  2 rime drakes (shapeshifter)
  15 demonic crawlers
  A spectral redback (Spider:4)
  A yaktaur zombie (D:15)
  2 spriggan skeletons
  5 rime drakes
  A spark wasp simulacrum (Depths:3)
  47 yaktaurs
  4 tormentors
  An efreet (Zig:13)
  7 komodo dragons
  A tengu conjurer (Depths:2)
  8 guardian mummies
  2 redback zombies (Spider:4)
  2 ice devils
  A pale draconian skeleton (Crypt:3)
  9 ancient zymes
  A hellwing (Lair:6)
  41 jumping spiders
  9 trolls
  8 red devils
  A minotaur zombie (Lab)
  A queen bee (shapeshifter) (D:14)
  35 merfolk
  3 meliai (D:15)
  A meliai (shapeshifter) (Depths:3)
  10 polar bears
  4 spectral tarantellas (Spider:4)
  A tyrant leech (Zig:23)
  6 wind drakes
  31 hornets
  11 blink frogs
  A bog body (Zig:23)
  8 dream sheep
  2 spectral jumping spiders (Spider:4)
  A satyr zombie (Crypt:1)
  2 meliai zombies
  An ettin zombie (Vaults:5)
  A fire giant simulacrum (Crypt:1)
  2 spriggan zombies (Zig:7)
  An ice dragon zombie (D:15)
  2 jumping spider zombies (Spider:4)
  14 hippogriffs
  124 slime creatures
  11 snapping turtles
  13 raiju
  A centaur simulacrum (D:15)
  25 water elementals
  28 large abominations
  An alligator skeleton (Abyss:3)
  9 shadows
  51 tarantellas
  122 redbacks
  A spriggan (shapeshifter) (Vaults:2)
  3 vampires
  9 air elementals
  10 flying skulls
  Sigmund (D:2)
  9 ynoxinuls
  3 ettin skeletons
  A human (shapeshifter) (Zig:10)
  21 wraiths
  2 hogs (D:7)
  46 yaks
  3 fire elementals
  2 hogs (shapeshifter)
  7 basilisks
  7 elf zombies
  2 fire bats (Abyss:3)
  7 golden eyes
  5 wyverns
  2 ushabtiu (Zig:17)
  A steam dragon (D:12)
  A basilisk (shapeshifter) (Vaults:3)
  10 chaos spawn
  A yak (shapeshifter) (Vaults:2)
  6 hungry ghosts
  2 vampire mosquitoes
  2 neqoxecs (Abyss:2)
  A human (D:7)
  Menkaure (Ossuary)
  Edmund (D:5)
  4 insubstantial wisps
  A deep troll zombie (Vaults:5)
  9 wargs
  9 soldier ants
  4 spatial vortices
  A swamp worm (shapeshifter) (Depths:4)
  2 acid dragons (shapeshifter)
  18 water moccasins
  3 acid dragons
  A soldier ant (shapeshifter) (Vaults:3)
  8 porcupines
  An orb spider zombie (Crypt:3)
  2 spectral hornets (Spider:4)
  A deep troll skeleton (Crypt:1)
  9 hell hounds
  A floating eye (Zig:26)
  16 eyes of draining
  4 swamp drakes
  2 hornet zombies
  51 orc warriors
  6 ice beasts
  A sky beast (shapeshifter) (Vaults:1)
  2 sky beasts
  5 necrophages
  6 black bears
  A manticore zombie (Crypt:1)
  14 wolves
  36 ogres
  6 phantoms
  A human zombie (Vaults:5)
  4 boggarts
  A centaur (shapeshifter) (Depths:3)
  2 elf simulacra
  18 centaurs
  A dream sheep skeleton (Crypt:3)
  17 crocodiles
  2 big kobolds (shapeshifter)
  A rime drake skeleton (Crypt:2)
  3 big kobolds
  A glowing shapeshifter simulacrum (Depths:3)
  24 bullfrogs
  5 earth elementals
  A wyvern skeleton (D:10)
  10 killer bees
  2 water moccasin skeletons
  7 scorpions
  5 wights
  4 electric eels
  A troll skeleton (Crypt:3)
  8 howler monkeys
  A human simulacrum (Vaults:1)
  12 starcursed masses
  A bullfrog zombie (D:9)
  2 quasits
  11 crimson imps
  6 hounds
  21 orc wizards
  29 orc priests
  5 jellies
  6 centaur skeletons
  5 iron imps
  2 basilisk skeletons (Crypt:2)
  An iguana (D:10)
  30 worker ants
  9 hell rats
  A lightning spire (Zig:21)
  26 small abominations
  A deep dwarf zombie (Crypt:2)
  An acid dragon zombie (Crypt:1)
  An ogre zombie (Abyss:3)
  A dwarf skeleton (Crypt:1)
  A hound skeleton (D:8)
  17 mummies
  2 worker ant zombies
  19 gnolls
  10 adders
  10 shadow imps
  3 white imps
  9 ufetubi
  An ooze (D:2)
  4 adder zombies
  2 adder skeletons
  An iguana skeleton (Crypt:2)
  A lava snake skeleton (Crypt:3)
  2 worms
  3 dart slugs (D:1)
  3 leopard geckos
  72 orcs
  3 giant cockroaches
  12 goblins
  18 hobgoblins
  6 jackals
  2 quokkas
  8 bats
  8 frilled lizards
  2 gnoll skeletons (Ossuary)
  2 gnoll zombies (Ossuary)
  A goblin skeleton (Ossuary)
  A goblin zombie (Ossuary)
  2 hobgoblin skeletons (Ossuary)
  6 hobgoblin zombies (Ossuary)
  31 kobolds
  3 kobold skeletons (Ossuary)
  A kobold zombie (Ossuary)
  An orc skeleton (Ossuary)
  4 orc zombies (Ossuary)
  A quokka skeleton (D:5)
  9 rats
  3 rat skeletons
  3 rat zombies
  2 briar patches (Zig:23)
  10 bushes (Abyss:2)
  A butterfly (Lair:6)
  4 crawling corpses
  10 demonic plants (Abyss:2)
  2 fire vortices
  3 fungi
  2 lost souls (Zig:25)
  3 lurking horrors (Abyss:3)
  29 plants
  7 starspawn tentacles
  22 withered plants
3641 creatures vanquished.

Vanquished Creatures (collateral kills)
  Khufu (Crypt:1)
  2 greater mummies (Zig:17)
  Frederick (Crypt:1)
  2 golden dragons
  2 bone dragons
  A hellephant (Zig:13)
  A quicksilver dragon (Vaults:5)
  9 acid blobs
  A sphinx (Depths:2)
  Ilsuiw (Shoals:4)
  A deep elf sorcerer (Vaults:1)
  3 emperor scorpions
  A ghost moth (Zig:16)
  A draconian knight (Zig:13)
  An azure jelly (Slime:1)
  A draconian scorcher (Zot:1)
  3 ironheart preservers
  2 reapers
  A juggernaut skeleton (Zig:24)
  2 stone giants
  3 very ugly things
  A dire elephant (Zig:12)
  A green draconian (Depths:5)
  A bennu (Zig:17)
  A white draconian (Zig:27)
  A yellow draconian (Zot:1)
  A deep elf high priest (Depths:5)
  A jiangshi (Depths:5)
  2 great orbs of eyes
  2 ice dragons
  4 vault guards (Vaults:5)
  A two-headed ogre (Vaults:4)
  An alligator snapping turtle (Zig:18)
  An ogre mage (Vaults:4)
  A hell hog (Zig:24)
  2 wretched stars
  2 large abominations
  A sixfirhy (Abyss:3)
  4 skeletal warriors
  A death drake (Zig:23)
  A deep troll (Depths:1)
  An ironbrand convoker (Zig:19)
  2 shambling mangroves (Zig:23)
  A deep elf archer (Vaults:2)
  A swamp dragon (Zig:23)
  A spectral wolf spider (Spider:4)
  3 orb spiders (Zig:22)
  A phantasmal warrior (Zig:24)
  A harpy (Vaults:1)
  A human zombie (Vaults:4)
  2 ugly things (Vaults:3)
  A sphinx skeleton (Zig:14)
  2 moths of wrath
  A shining eye (Zig:21)
  A frost giant skeleton (Depths:2)
  A vault sentinel (Vaults:3)
  A guardian serpent (Zig:18)
  An elf zombie (Zig:24)
  A freezing wraith (Vaults:4)
  3 demonic crawlers
  A yaktaur (Depths:4)
  An ancient zyme (Abyss:1)
  4 hornets
  3 jumping spiders
  A tyrant leech (Zig:23)
  2 spectral tarantellas (Spider:4)
  A spectral jumping spider (Spider:4)
  A hippogriff (Zig:18)
  A raiju (Abyss:2)
  8 slime creatures
  11 redbacks
  A shadow (Zig:24)
  3 tarantellas
  A ynoxinul (Zig:11)
  A chaos spawn (Abyss:1)
  A spiny frog zombie (Crypt:1)
  An eye of draining (Zig:25)
  2 ogres
  A boggart (shapeshifter) (Vaults:5)
  2 centaurs (Depths:2)
  A crocodile (Zig:12)
  A human skeleton (Vaults:4)
  A manticore skeleton (Abyss:1)
  An elf simulacrum (Vaults:1)
  3 small abominations
  2 starcursed masses (Abyss:3)
  A human simulacrum (Vaults:4)
  An orc priest (Vaults:4)
  2 orc wizards (Vaults:5)
  6 mummies (Zig:17)
  3 orcs
  A briar patch (Zig:23)
  A crawling corpse (Vaults:5)
  A lost soul (Zig:25)
168 creatures vanquished.

Vanquished Creatures (others)
  An eldritch tentacle (Zot:1)
  A vault warden (Vaults:4)
  2 stone giants
  A merfolk impaler (Shoals:4)
  2 yaktaur captains
  A vault guard (Vaults:5)
  A centaur warrior (Vaults:1)
  A faun (Shoals:2)
  A jumping spider (Spider:4)
  A merfolk (Shoals:4)
  A redback (Spider:4)
  A hell hound (Zig:24)
  An ice beast (D:8)
  4 slaves (D:8)
  A small abomination (Abyss:2)
  2 gnoll zombies (Ossuary)
  A frilled lizard (D:3)
  2 gnoll skeletons (Ossuary)
  2 goblin skeletons (Ossuary)
  3 hobgoblin skeletons (Ossuary)
  2 hobgoblin zombies (Ossuary)
  A kobold skeleton (Ossuary)
  2 kobold zombies (Ossuary)
  3 orc skeletons (Ossuary)
  2 orc zombies (Ossuary)
  3 rat skeletons (Ossuary)
  A rat zombie (Ossuary)
  2 briar patches (Zig:23)
  2 bushes
  1695 fire vortices
  15 fungi
  5 lost souls (Zig:25)
  31 plants
  17 starspawn tentacles
  8 tentacles (Shoals:4)
  2 withered plants (D:15)
1821 creatures vanquished.

Grand Total: 5630 creatures vanquished

Notes
Turn   | Place    | Note
-------+----------+-------------------------------------------
     0 | D:1      | kazak the Octopode Fire Elementalist began the quest for the Orb.
     0 | D:1      | Reached XP level 1. HP: 11/11 MP: 3/3
   610 | D:1      | Reached XP level 2. HP: 17/17 MP: 3/5
  1137 | D:1      | Reached XP level 3. HP: 20/21 MP: 1/6
  1678 | D:2      | Noticed Sigmund
  2212 | D:2      | Learned a level 3 spell: Conjure Flame
  2275 | D:2      | Reached XP level 4. HP: 26/27 MP: 2/7
  2738 | D:2      | Killed Sigmund
  2738 | D:2      | Reached skill level 5 in Conjurations
  2738 | D:2      | Reached XP level 5. HP: 31/31 MP: 3/8
  3086 | D:3      | Reached XP level 6. HP: 36/36 MP: 7/9
  3630 | D:3      | Learned a level 4 spell: Sticky Flame
  3764 | D:3      | Reached skill level 4 in Fire Magic
  4009 | D:4      | Found a basalt altar of Yredelemnul.
  4033 | D:3      | HP: 1/36 [orc wizard/magic dart (5)]
  4036 | D:3      | Reached skill level 5 in Fire Magic
  4036 | D:3      | Reached XP level 7. HP: 9/41 MP: 4/10
  4947 | D:5      | Entered Level 5 of the Dungeon
  4983 | D:5      | Reached skill level 6 in Fire Magic
  5245 | D:5      | Noticed Edmund
  5287 | D:5      | Found Basicir's General Store.
  5449 | D:5      | Found a deep blue altar of Sif Muna.
  5456 | D:5      | Became a worshipper of Sif Muna the Loreminder
  5462 | D:5      | Found a sparkling altar of Nemelex Xobeh.
  5466 | D:5      | Found an ancient bone altar of Kikubaaqudgha.
  5552 | D:5      | Found a sand-covered staircase.
  5557 | Ossuary  | Entered an ossuary
  6150 | Ossuary  | Noticed Menkaure
  6154 | Ossuary  | Killed Menkaure
  6172 | Ossuary  | Reached XP level 8. HP: 46/46 MP: 9/13
  6364 | D:5      | Killed Edmund
  6364 | D:5      | Reached * piety under Sif Muna
  7168 | D:6      | Found a staircase to the Ecumenical Temple.
  7381 | D:7      | Reached skill level 5 in Spellcasting
  8281 | D:7      | Reached skill level 7 in Fire Magic
  8391 | D:7      | Noticed a yak
  8391 | D:7      | Noticed a yak
  8408 | D:7      | Reached ** piety under Sif Muna
  8408 | D:7      | Reached XP level 9. HP: 36/51 MP: 9/16
  8522 | D:7      | Reached skill level 8 in Fire Magic
  8697 | D:8      | Found a glowing golden altar of the Shining One.
  8793 | D:8      | Noticed BlueFish's ghost (novice MiFi)
  8979 | D:8      | Noticed a two-headed ogre
  9004 | D:8      | Killed a two-headed ogre
  9314 | D:8      | Learned a level 5 spell: Fireball
  9318 | D:8      | Learned a level 3 spell: Inner Flame
  9339 | D:8      | Found a staircase to the Lair.
  9352 | D:8      | Reached *** piety under Sif Muna
  9383 | D:8      | Reached XP level 10. HP: 48/56 MP: 8/19
  9489 | D:8      | Noticed Joseph
  9504 | D:8      | Killed Joseph
  9927 | D:8      | Noticed Pikel
  9948 | D:8      | Killed Pikel
 10210 | D:8      | Killed BlueFish's ghost
 10210 | D:8      | Reached **** piety under Sif Muna
 10668 | D:9      | Noticed Hypnoxylon's ghost (journeyman MiGl)
 10744 | D:9      | Found a shattered altar of Ashenzari.
 10871 | D:9      | Found a flagged portal.
 10947 | Bailey   | Entered a bailey
 10957 | Bailey   | Noticed archon2's ghost (novice DrFE)
 10981 | Bailey   | Killed archon2's ghost
 10981 | Bailey   | Reached skill level 9 in Fire Magic
 11351 | Bailey   | Noticed an orc knight
 11568 | D:9      | Reached ***** piety under Sif Muna
 11790 | D:9      | Reached skill level 10 in Fire Magic
 11803 | D:9      | Reached skill level 1 in Fighting
 11803 | D:9      | Reached XP level 11. HP: 56/63 MP: 9/24
 12296 | D:9      | Identified Sif Muna's Collected Works on Vitriolic Fire (Sif Muna gifted it to you on level 9 of the Dungeon)
 12296 | D:9      | Received a gift from Sif Muna
 12308 | D:9      | Found a staircase to the Orcish Mines.
 12412 | Orc:1    | Entered Level 1 of the Orcish Mines
 12412 | Orc:1    | Noticed an orc knight
 12554 | D:9      | Learned a level 6 spell: Bolt of Fire
 12748 | Lair:1   | Entered Level 1 of the Lair of Beasts
 12748 | Lair:1   | Noticed Nergalle
 12756 | Lair:1   | Killed Nergalle
 12819 | Lair:1   | Reached skill level 5 in Fighting
 13034 | Lair:1   | Noticed an oklob plant
 13034 | Lair:1   | Noticed an oklob plant
 13345 | Lair:1   | Reached skill level 1 in Shields
 14267 | D:5      | Bought a +2 buckler of cold resistance for 258 gold pieces
 14285 | D:5      | Bought a scroll of identify for 24 gold pieces
 14285 | D:5      | Bought a scroll of identify for 24 gold pieces
 14286 | D:5      | Reached skill level 11 in Fire Magic
 14286 | D:5      | Reached XP level 12. HP: 79/79 MP: 25/25
 14884 | Lair:1   | Reached skill level 5 in Dodging
 14907 | Lair:1   | Identified the Incunabulum of Venom
 15039 | Lair:2   | Identified Sexususi's Incunabulum of Attacks (Sif Muna gifted it to you on level 2 of the Lair of Beasts)
 15039 | Lair:2   | Received a gift from Sif Muna
 15688 | Lair:2   | Reached XP level 13. HP: 83/83 MP: 14/26
 15795 | Lair:2   | Reached skill level 10 in Spellcasting
 16538 | Lair:3   | Found a labyrinth entrance.
 16544 | Lab      | Entered a labyrinth
 16812 | Lab      | Noticed a minotaur
 16817 | Lab      | Killed a minotaur
 17283 | Lair:3   | Found a hole to the Spider Nest.
 17307 | Lair:3   | Found a staircase to the Shoals.
 17611 | Lair:1   | Identified Gicol's Tome of Icy Execration (Sif Muna gifted it to you on level 1 of the Lair of Beasts)
 17611 | Lair:1   | Received a gift from Sif Muna
 17682 | Lair:1   | Learned a level 3 spell: Confuse
 18421 | Lair:4   | Reached skill level 1 in Invocations
 19709 | Lair:5   | Reached skill level 5 in Invocations
 20171 | Lair:5   | Reached XP level 14. HP: 90/90 MP: 13/30
 20695 | Lair:6   | Entered Level 6 of the Lair of Beasts
 20840 | Lair:6   | Found a viscous altar of Jiyva.
 20840 | Lair:6   | Found a staircase to the Slime Pits.
 20840 | Lair:6   | Found a shadowy altar of Dithmenos.
 22380 | Lair:1   | Learned a level 4 spell: Throw Icicle
 23377 | Lair:6   | Identified Cych's Grimoire of Toxic Good Luck (Sif Muna gifted it to you on level 6 of the Lair of Beasts)
 23377 | Lair:6   | Received a gift from Sif Muna
 23429 | Lair:6   | Found a burning altar of Makhleb.
 23933 | Lair:6   | Reached XP level 15. HP: 101/101 MP: 20/32
 24445 | Lair:6   | Reached skill level 12 in Fire Magic
 24701 | Lair:6   | Found a gateway to Hell.
 25112 | Orc:2    | Entered Level 2 of the Orcish Mines
 25238 | Orc:2    | Noticed Erolcha
 25304 | Orc:2    | Killed Erolcha
 25556 | Orc:1    | Found Avooph's Gadget Shop.
 25660 | Orc:2    | Found a staircase to the Elven Halls.
 26041 | Orc:2    | Noticed Rupert
 26304 | Orc:2    | Noticed Snorg
 26315 | Orc:2    | Killed Snorg
 26431 | Orc:2    | Killed Rupert
 26431 | Orc:2    | Reached skill level 13 in Fire Magic
 26876 | Orc:1    | Found a roughly hewn altar of Beogh.
 27159 | Orc:2    | Identified Sif Muna's Guide on Harmful Transformation (Sif Muna gifted it to you on level 2 of the Orcish Mines)
 27159 | Orc:2    | Received a gift from Sif Muna
 27215 | Orc:2    | Learned a level 7 spell: Orb of Destruction
 27238 | Orc:2    | Found Luempise's Distillery.
 27366 | Orc:2    | Found Zourrayl's Magic Scroll Shoppe.
 27683 | Orc:2    | Bought a potion of heal wounds for 65 gold pieces
 27713 | Orc:2    | Noticed Donald
 27721 | Orc:2    | Killed Donald
 28148 | Orc:2    | Noticed Josephine
 28155 | Orc:2    | Killed Josephine
 28774 | Orc:2    | Found Uzuzake's Gadget Boutique.
 28774 | Orc:2    | Found Qoxup's Antique Armour Shop.
 28778 | Orc:2    | Found a one-way gate leading to the halls of Pandemonium.
 29012 | D:9      | Killed Hypnoxylon's ghost
 29231 | D:10     | Entered Level 10 of the Dungeon
 29485 | D:10     | Noticed Da5id's ghost (novice DECj)
 29488 | D:10     | Killed Da5id's ghost
 29626 | D:10     | Found a portal to a secret trove of treasure.
 29671 | D:10     | Reached XP level 16. HP: 108/108 MP: 26/34
 30004 | D:11     | Identified Sif Muna's Tome of Conjuration and Summoning (Sif Muna gifted it to you on level 11 of the Dungeon)
 30004 | D:11     | Received a gift from Sif Muna
 30119 | D:11     | Found Dyvvuaho's Assorted Antiques.
 30128 | D:11     | Bought a knobbly runed staff for 300 gold pieces
 30575 | D:11     | Reached skill level 15 in Spellcasting
 31168 | D:12     | Noticed Urug
 31174 | D:12     | Killed Urug
 31967 | D:13     | Found Kokyb's Weapon Shoppe.
 33380 | D:14     | Upgraded the game from 0.20-a0-382-g289d6af to 0.20-a0-386-g2d247ea
 33658 | D:14     | Noticed Roxanne
 33767 | D:14     | Killed Roxanne
 33945 | D:14     | Identified Roxanne's Handbook of Moulding (You took it off Roxanne on level 14 of the Dungeon)
 33995 | D:14     | Identified Hemeohab's Almanac of Envenoming (Sif Muna gifted it to you on level 14 of the Dungeon)
 33995 | D:14     | Received a gift from Sif Muna
 34287 | D:14     | Found a gate to the Vaults.
 35145 | D:15     | Entered Level 15 of the Dungeon
 35840 | D:15     | Found a staircase to the Depths.
 36210 | D:15     | Reached skill level 15 in Conjurations
 36380 | D:15     | Reached XP level 17. HP: 91/112 MP: 5/37
 36675 | D:15     | Noticed Erica
 36687 | D:15     | Killed Erica
 36898 | D:15     | Reached skill level 14 in Fire Magic
 36901 | D:15     | Identified Sif Muna's Catalogue of the Sinister Birds (Sif Muna gifted it to you on level 15 of the Dungeon)
 36901 | D:15     | Received a gift from Sif Muna
 37478 | Lair:1   | Learned a level 2 spell: Repel Missiles
 37491 | Lair:1   | Learned a level 9 spell: Fire Storm
 37503 | Lair:1   | Learned a level 5 spell: Poisonous Cloud
 37569 | Spider:1 | Entered Level 1 of the Spider Nest
 38006 | Elf:1    | Entered Level 1 of the Elven Halls
 38471 | Elf:1    | Reached skill level 15 in Fire Magic
 38740 | Elf:1    | Identified Tuem's Guide on the Escort
 38877 | Elf:1    | Noticed Agnes
 38881 | Elf:1    | Killed Agnes
 39507 | Elf:1    | Noticed Nikola
 39636 | Elf:1    | Reached skill level 16 in Fire Magic
 39768 | Elf:1    | Identified Sif Muna's Disquisition on Damaging Unholy Magic (Sif Muna gifted it to you on level 1 of the Elven Halls)
 39768 | Elf:1    | Received a gift from Sif Muna
 39806 | Elf:1    | Killed Nikola
 39973 | Elf:1    | Found Amihuuc's Weapon Boutique.
 40234 | Elf:2    | Reached XP level 18. HP: 66/118 MP: 3/38
 41315 | Elf:2    | Got a crystal rapier
 41316 | Elf:2    | Identified the +5 rapier of Deflation {freeze, +Fly rF- MR+} (You found it on level 2 of the Elven Halls)
 41619 | Elf:2    | Found Wefaikeg's Book Shoppe.
 41743 | Elf:2    | Found a runed gate.
 41743 | Elf:2    | Found a runed gate.
 41744 | Elf:2    | Found a runed gate.
 41878 | Elf:2    | Received a gift from Sif Muna
 41935 | Elf:3    | Entered Level 3 of the Elven Halls
 42081 | Elf:3    | Noticed a deep elf blademaster
 42816 | Elf:3    | Killed a deep elf blademaster
 43060 | Elf:3    | Reached skill level 17 in Fire Magic
 43329 | Elf:3    | Noticed a deep elf master archer
 43330 | Elf:3    | Noticed a deep elf blademaster
 43336 | Elf:3    | Killed a deep elf blademaster
 43336 | Elf:3    | Killed a deep elf master archer
 43353 | Elf:3    | Noticed a deep elf master archer
 43359 | Elf:3    | Killed a deep elf master archer
 43369 | Elf:3    | Reached skill level 18 in Fire Magic
 43372 | Elf:3    | Reached XP level 19. HP: 85/124 MP: 5/39
 43631 | Elf:3    | Got a crude garnet amulet
 43632 | Elf:3    | Identified the amulet of Propriety {+Rage MP-9 Str+5 Int+4} (You took it off a deep elf demonologist on level 3 of the Elven Halls)
 43639 | Elf:3    | Got a flickering lead ring
 43639 | Elf:3    | Got a pitted gossamer ring
 43640 | Elf:3    | Identified the ring of Gukut {Dex+3 Slay+3} (You took it off a deep elf death mage on level 3 of the Elven Halls)
 43641 | Elf:3    | Identified the ring "Elureg" {rPois rN+ EV+4 Int-2} (You took it off a deep elf sorcerer on level 3 of the Elven Halls)
 43834 | Elf:3    | Identified Verylyz's Almanac of Confrontation
 44174 | Shoals:1 | Entered Level 1 of the Shoals
 45144 | Shoals:1 | Noticed Aizul
 45157 | Shoals:1 | Killed Aizul
 46613 | Shoals:1 | Identified Sif Muna's Papyrus of the Glacier and the Mountains (Sif Muna gifted it to you on level 1 of the Shoals)
 46613 | Shoals:1 | Received a gift from Sif Muna
 47479 | Shoals:2 | HP: 1/124 [merfolk impaler/trident (13)]
 50308 | Shoals:4 | Entered Level 4 of the Shoals
 50310 | Shoals:4 | Identified Lyfizac's Incunabulum of Damaging Weightlessness (Sif Muna gifted it to you on level 4 of the Shoals)
 50310 | Shoals:4 | Received a gift from Sif Muna
 50585 | Shoals:4 | Reached XP level 20. HP: 97/129 MP: 21/40
 50587 | Shoals:4 | Noticed Ilsuiw
 50591 | Shoals:4 | Killed Ilsuiw
 50592 | Shoals:4 | Reached skill level 19 in Fire Magic
 52697 | Shoals:4 | Got a barnacled rune of Zot
 54040 | Spider:1 | Identified Bixtefux's Tome of the Rocks and Transmigration (Sif Muna gifted it to you on level 1 of the Spider Nest)
 54040 | Spider:1 | Received a gift from Sif Muna
 55637 | Spider:2 | Noticed Frances
 55641 | Spider:2 | Reached skill level 20 in Fire Magic
 55642 | Spider:2 | Killed Frances
 56226 | Spider:2 | Noticed Arachne
 56626 | Spider:2 | Killed Arachne
 56627 | Spider:2 | Identified Sif Muna's Incunabulum of Frigorific Slavery (Sif Muna gifted it to you on level 2 of the Spider Nest)
 56627 | Spider:2 | Received a gift from Sif Muna
 56660 | Spider:2 | Reached XP level 21. HP: 135/135 MP: 14/41
 59639 | Spider:4 | Entered Level 4 of the Spider Nest
 60286 | Vaults:1 | Entered Level 1 of the Vaults
 60694 | Lair:1   | Learned a level 2 spell: Blink
 60699 | Lair:1   | Gained mutation: One of your tentacles bears a spike. [potion of beneficial mutation]
 61485 | Vaults:1 | Noticed ragingAgnostic's ghost (adept DgWn)
 61488 | Vaults:1 | Reached skill level 10 in Invocations
 61510 | Vaults:1 | Killed ragingAgnostic's ghost
 62307 | Vaults:1 | Found Peisuapral's Book Emporium.
 63462 | Vaults:2 | Reached skill level 5 in Stealth
 63658 | Vaults:2 | Found Paefada's Assorted Antiques.
 64013 | Vaults:2 | Found Apoogib's Food Shoppe.
 64256 | Vaults:2 | Found Poetied's Gadget Shop.
 64772 | Vaults:2 | Found Igusk's Book Emporium.
 64810 | Vaults:2 | Bought a manual of Spellcasting for 1656 gold pieces
 64916 | Vaults:3 | Reached XP level 22. HP: 141/141 MP: 7/42
 64958 | Vaults:3 | Identified Sif Muna's Almanac of Battle Magic (Sif Muna gifted it to you on level 3 of the Vaults)
 64958 | Vaults:3 | Received a gift from Sif Muna
 65874 | Vaults:3 | Found a staircase to the Crypt.
 65874 | Vaults:3 | Found an ancient bone altar of Kikubaaqudgha.
 65874 | Vaults:3 | Found a basalt altar of Yredelemnul.
 66105 | Vaults:3 | Identified Sif Muna's Reference Book on Fiery Arcane Weapons (Sif Muna gifted it to you on level 3 of the Vaults)
 66105 | Vaults:3 | Received a gift from Sif Muna
 67203 | Vaults:3 | Got a twitching pewter ring
 68179 | Vaults:4 | Identified Sif Muna's Catalogue of Battle Magic (Sif Muna gifted it to you on level 4 of the Vaults)
 68179 | Vaults:4 | Received a gift from Sif Muna
 69897 | Vaults:4 | Reached XP level 23. HP: 143/146 MP: 37/47
 70861 | Vaults:4 | Reached skill level 10 in Fighting
 71208 | Depths:1 | Entered Level 1 of the Depths
 71573 | Depths:1 | Found a one-way gate to the infinite horrors of the Abyss.
 71583 | Depths:1 | Noticed Louise
 71587 | Depths:1 | Killed Louise
 71746 | Depths:1 | Identified Teuhasib's Handbook of Destructive Boosts (Sif Muna gifted it to you on level 1 of the Depths)
 71746 | Depths:1 | Received a gift from Sif Muna
 71829 | Depths:1 | Learned a level 7 spell: Spellforged Servitor
 72724 | Depths:2 | Found Peps's Weapon Shoppe.
 74086 | Depths:2 | Identified the ring of Equivalence {rF+ rN+ MP+9 SInv} (You took it off a frost giant on level 3 of the Vaults)
 74643 | Lair:1   | Learned a level 1 spell: Apportation
 74805 | Spider:4 | Noticed Jorgrun
 74809 | Spider:4 | Killed Jorgrun
 76084 | Spider:4 | Reached XP level 24. HP: 163/163 MP: 43/47
 76114 | Spider:4 | Reached skill level 21 in Fire Magic
 76285 | Spider:4 | Reached skill level 1 in Translocations
 76454 | Spider:4 | Got a gossamer rune of Zot
 78183 | Depths:3 | Noticed a juggernaut
 78187 | Depths:3 | Identified Baeribaw's Incunabulum of the Unstable Frostbite (Sif Muna gifted it to you on level 3 of the Depths)
 78187 | Depths:3 | Received a gift from Sif Muna
 78190 | Depths:3 | Killed a juggernaut
 78190 | Depths:3 | Reached skill level 5 in Translocations
 78392 | Depths:3 | Reached skill level 15 in Fighting
 79342 | Depths:3 | Noticed a juggernaut
 79342 | Depths:3 | Paralysed by a lich for 2 turns
 79354 | Depths:3 | Noticed a caustic shrike
 79354 | Depths:3 | an iron giant changed into a caustic shrike
 80353 | Depths:3 | Found a gateway to a ziggurat.
 80633 | Depths:3 | Reached skill level 10 in Dodging
 81154 | Depths:4 | Reached XP level 25. HP: 174/174 MP: 23/47
 81507 | Depths:4 | Found a snail-covered altar of Cheibriados.
 81513 | Depths:4 | Noticed a juggernaut
 81520 | Depths:4 | Killed a juggernaut
 83242 | Depths:5 | Entered Level 5 of the Depths
 84077 | Depths:5 | Identified a scroll of acquirement
 84080 | Depths:5 | Got a crude hat
 84081 | Depths:5 | Identified the +1 hat of Lucidity {rCorr} (You acquired it on level 5 of the Depths)
 84110 | Depths:5 | Noticed Xtahua
 84115 | Depths:5 | Killed Xtahua
 84115 | Depths:5 | Identified Sif Muna's Reference Book on Congealing Evil (Sif Muna gifted it to you on level 5 of the Depths)
 84115 | Depths:5 | Received a gift from Sif Muna
 84670 | Depths:5 | Noticed a juggernaut
 84673 | Depths:5 | Killed a juggernaut
 85131 | Depths:5 | Found a gate to the Realm of Zot.
 85180 | Depths:5 | Reached XP level 26. HP: 180/180 MP: 24/47
 85818 | Depths:5 | Reached skill level 22 in Fire Magic
 86064 | Depths:5 | Identified Sif Muna's Incunabulum of the Traveller and Conjuration (Sif Muna gifted it to you on level 5 of the Depths)
 86064 | Depths:5 | Received a gift from Sif Muna
 86771 | Vaults:5 | Entered Level 5 of the Vaults
 87390 | Vaults:5 | Reached skill level 23 in Fire Magic
 87603 | Vaults:5 | Got a clouded iron amulet
 87606 | Vaults:5 | Identified the amulet of the Sixty-Six Emperors {Gourm MR+} (You took it off a fire giant on level 5 of the Vaults)
 88016 | Vaults:5 | Identified Sif Muna's Compendium of Confrontation (Sif Muna gifted it to you on level 5 of the Vaults)
 88016 | Vaults:5 | Received a gift from Sif Muna
 88276 | Vaults:5 | Learned a level 8 spell: Necromutation
 88371 | Vaults:5 | Reached skill level 1 in Necromancy
 88546 | Vaults:5 | Reached XP level 27. HP: 169/186 MP: 7/47
 88570 | Vaults:5 | Reached skill level 5 in Necromancy
 89039 | Vaults:5 | Learned a level 7 spell: Ring of Flames
 89465 | Vaults:5 | Got a silver rune of Zot
 89827 | Crypt:1  | Entered Level 1 of the Crypt
 89836 | Crypt:1  | Noticed Mennas
 89861 | Crypt:1  | Killed Mennas
 89942 | Crypt:1  | Identified Sif Muna's Grimoire of Evil (Sif Muna gifted it to you on level 1 of the Crypt)
 89942 | Crypt:1  | Received a gift from Sif Muna
 90120 | Crypt:1  | Noticed a greater mummy
 90150 | Crypt:1  | Killed a greater mummy
 90633 | Crypt:1  | Noticed Frederick
 90635 | Crypt:1  | Killed Frederick
 90635 | Crypt:1  | Reached skill level 10 in Necromancy
 90762 | Crypt:1  | Reached skill level 1 in Transmutations
 91087 | Crypt:1  | Noticed Mara
 91094 | Crypt:1  | Killed Mara
 91273 | Crypt:1  | Reached skill level 5 in Transmutations
 91965 | Crypt:1  | Noticed a greater mummy
 91970 | Crypt:1  | Killed a greater mummy
 92346 | Crypt:1  | Noticed Khufu
 92371 | Crypt:1  | Killed Khufu
 93512 | Crypt:3  | Entered Level 3 of the Crypt
 93523 | Crypt:3  | Reached skill level 10 in Transmutations
 93539 | Crypt:3  | Identified Sif Muna's Collected Works on Confrontation and Transmigration (Sif Muna gifted it to you on level 3 of the Crypt)
 93539 | Crypt:3  | Received a gift from Sif Muna
 94981 | Crypt:3  | Identified the Disquisition on Lucky Battle Magic
 94982 | Crypt:3  | Identified the Tome of Stolen Souls
 95076 | Crypt:3  | Found a staircase to the Tomb.
 95685 | Slime:1  | Entered Level 1 of the Pits of Slime
 95693 | Slime:1  | Identified Sacvaeg's Almanac of Conjuration (Sif Muna gifted it to you on level 1 of the Pits of Slime)
 95693 | Slime:1  | Received a gift from Sif Muna
 95881 | Slime:5  | Entered Level 5 of the Pits of Slime
 95962 | Slime:5  | Noticed the Royal Jelly
 95966 | Slime:5  | Killed the Royal Jelly
 95978 | Slime:5  | Reached skill level 15 in Necromancy
 96210 | Slime:5  | Got a transparent hat
 96210 | Slime:5  | Got a faintly glowing bronze ring
 96210 | Slime:5  | Got a steaming marble ring
 96210 | Slime:5  | Got a slimy rune of Zot
 96211 | Slime:5  | Identified the +2 hat of Circular Logic {rF+} (You found it on level 5 of the Pits of Slime)
 96212 | Slime:5  | Identified the ring of Jesaafi {*Tele MP-9 Slay+3 Stlth+} (You found it on level 5 of the Pits of Slime)
 96214 | Slime:5  | Identified the ring of Doors {MR+ Dex+2} (You found it on level 5 of the Pits of Slime)
 96264 | Slime:5  | Identified the Compendium of Ashen Weightlessness
 96851 | Zot:1    | Entered Level 1 of the Realm of Zot
 97077 | Zot:1    | Identified Sif Muna's Handbook of Flamy Beguiling (Sif Muna gifted it to you on level 1 of the Realm of Zot)
 97077 | Zot:1    | Received a gift from Sif Muna
 97263 | Zot:1    | Noticed an orb of fire
 97401 | Zot:1    | Killed an orb of fire
 97965 | Zot:1    | Gained mutation: You are dopey. (Int -2) [a Zot trap]
 97965 | Zot:1    | Gained mutation: You are clumsy. (Dex -2) [a Zot trap]
 97967 | Zot:1    | Lost mutation: You are clumsy. (Dex -2) [potion of cure mutation]
 97967 | Zot:1    | Lost mutation: You are dopey. (Int -2) [potion of cure mutation]
 97967 | Zot:1    | Lost mutation: One of your tentacles bears a spike. [potion of cure mutation]
 99390 | Orc:2    | Bought a scroll of enchant weapon for 90 gold pieces
 99390 | Orc:2    | Bought a scroll of recharging for 114 gold pieces
 99390 | Orc:2    | Bought a scroll of teleportation for 36 gold pieces
 99390 | Orc:2    | Bought a scroll of identify for 24 gold pieces
 99390 | Orc:2    | Bought a scroll of identify for 24 gold pieces
 99393 | Orc:2    | Bought a potion of brilliance for 52 gold pieces
 99628 | Depths:1 | Voluntarily entered the Abyss.
 99666 | Abyss:2  | Found a corrupted altar of Lugonu.
100582 | Depths:1 | Escaped the Abyss
100973 | Depths:1 | Voluntarily entered the Abyss.
102017 | Depths:1 | Escaped the Abyss
102443 | Zig:1    | Entered Level 1 of a ziggurat
102485 | Zig:2    | Entered Level 2 of a ziggurat
102576 | Zig:3    | Entered Level 3 of a ziggurat
102667 | Zig:4    | Entered Level 4 of a ziggurat
102772 | Zig:4    | Got a shimmering iron ring
102773 | Zig:4    | Identified the ring of Heatot Ytikk {rF+ rC+ rN+} (You found it on level 4 of a ziggurat)
102778 | Zig:5    | Entered Level 5 of a ziggurat
102784 | Zig:5    | Identified Sif Muna's Incunabulum of Dark Hexes (Sif Muna gifted it to you on level 5 of a ziggurat)
102784 | Zig:5    | Received a gift from Sif Muna
102809 | Zig:5    | Gained mutation: You are partially covered in molten scales. (AC +2) [potion of beneficial mutation]
102843 | Zig:6    | Entered Level 6 of a ziggurat
102921 | Zig:6    | Got a pitted copper amulet
102924 | Zig:6    | Identified the amulet of the Priest {+Fly rPois Regen+} (You found it on level 6 of a ziggurat)
102969 | Zig:7    | Entered Level 7 of a ziggurat
103118 | Zig:8    | Entered Level 8 of a ziggurat
103149 | Zig:8    | Got a fine tin ring
103150 | Zig:8    | Identified the ring "Xeisuef" {*Contam rF+ Str+3 Dex+2} (You found it on level 8 of a ziggurat)
103324 | Zig:9    | Entered Level 9 of a ziggurat
103361 | Zig:9    | Got a twitching steel ring
103362 | Zig:9    | Identified the ring of the Modern Orbs {rF+ MR+} (You found it on level 9 of a ziggurat)
103375 | Zig:9    | Got a crude lead ring
103376 | Zig:9    | Identified the ring of Varphey {rN+++ MR+ Str-4 Int+2 Stlth+} (You found it on level 9 of a ziggurat)
103497 | Zig:10   | Entered Level 10 of a ziggurat
103507 | Zig:10   | Reached skill level 24 in Fire Magic
103731 | Zig:11   | Entered Level 11 of a ziggurat
103741 | Zig:11   | Identified Bizxuh's Handbook of Necromancy (Sif Muna gifted it to you on level 11 of a ziggurat)
103741 | Zig:11   | Received a gift from Sif Muna
103743 | Zig:11   | Noticed Cior the pandemonium lord
103755 | Zig:11   | Killed Cior the pandemonium lord
103960 | Zig:12   | Entered Level 12 of a ziggurat
104005 | Zig:12   | Identified the Incunabulum of Evil Magic and the Arsonist
104137 | Zig:13   | Entered Level 13 of a ziggurat
104272 | Zig:13   | Identified Hacoah Hiewy's Almanac of Poison and Protection
104313 | Zig:14   | Entered Level 14 of a ziggurat
104504 | Zig:14   | Identified the Compendium of the Ensnaring Birds
104511 | Zig:15   | Entered Level 15 of a ziggurat
104648 | Zig:15   | Got a glittering bronze ring
104649 | Zig:15   | Identified the ring "Bafoacaz" {+Fly rElec SInv} (You found it on level 15 of a ziggurat)
104656 | Zig:15   | Identified the Papyrus of Quantum Fire
104686 | Zig:16   | Entered Level 16 of a ziggurat
104716 | Zig:16   | Identified Sif Muna's Papyrus of Supportive Arcane Weapons (Sif Muna gifted it to you on level 16 of a ziggurat)
104716 | Zig:16   | Received a gift from Sif Muna
104808 | Zig:16   | Identified the Tome of Summoning and Orientation
104825 | Zig:16   | Identified Giem's Reference Book on the Rocks
104835 | Zig:17   | Entered Level 17 of a ziggurat
104841 | Zig:17   | Noticed a greater mummy
104842 | Zig:17   | Noticed a greater mummy
104842 | Zig:17   | Killed a greater mummy
104842 | Zig:17   | Reached skill level 5 in Shields
104843 | Zig:17   | Killed a greater mummy
104848 | Zig:17   | Noticed a greater mummy
104848 | Zig:17   | Killed a greater mummy
104849 | Zig:17   | Noticed a greater mummy
104854 | Zig:17   | Killed a greater mummy
104860 | Zig:17   | Noticed a greater mummy
104865 | Zig:17   | Killed a greater mummy
104866 | Zig:17   | Noticed a greater mummy
104866 | Zig:17   | Noticed a greater mummy
104875 | Zig:17   | Reached skill level 10 in Translocations
104876 | Zig:17   | Killed a greater mummy
104888 | Zig:17   | Noticed a greater mummy
104889 | Zig:17   | Noticed a greater mummy
104891 | Zig:17   | Killed a greater mummy
104891 | Zig:17   | Identified Wytisis's Compendium of Igneous Companions (Sif Muna gifted it to you on level 17 of a ziggurat)
104891 | Zig:17   | Received a gift from Sif Muna
104895 | Zig:17   | Killed a greater mummy
104895 | Zig:17   | Reached skill level 10 in Shields
104919 | Zig:17   | Killed a greater mummy
105292 | Zig:17   | Got a scorched granite ring
105293 | Zig:17   | Identified the ring "Teriaw" {*Corrode EV+1 Int+3 Dex+3 Slay+3} (You found it on level 17 of a ziggurat)
105313 | Zig:17   | Got a warped wooden ring
105314 | Zig:17   | Identified the ring of Discretion {rC- MR+ Int+2 Dex+8} (You found it on level 17 of a ziggurat)
105325 | Zig:18   | Entered Level 18 of a ziggurat
105547 | Zig:18   | Got a vibrating bronze ring
105548 | Zig:18   | Identified the ring "Kaxtay" {rElec rPois} (You found it on level 18 of a ziggurat)
105667 | Zig:19   | Entered Level 19 of a ziggurat
105689 | Zig:19   | Noticed an ancient lich
105691 | Zig:19   | Killed an ancient lich
105699 | Zig:19   | Noticed an ancient lich
105701 | Zig:19   | Received a gift from Sif Muna
105701 | Zig:19   | Killed an ancient lich
105707 | Zig:19   | Reached skill level 15 in Shields
105939 | Zig:19   | Identified Faynn's Grimoire of the Rocks and Creation
105951 | Zig:19   | Identified the Grimoire of Flames and the Snowflakes
105967 | Zig:20   | Entered Level 20 of a ziggurat
105990 | Zig:20   | Noticed Beoxkaef the pandemonium lord
105996 | Zig:20   | Killed Beoxkaef the pandemonium lord
105996 | Zig:20   | Identified Sif Muna's Papyrus of Unholy Confrontation (Sif Muna gifted it to you on level 20 of a ziggurat)
105996 | Zig:20   | Received a gift from Sif Muna
106054 | Zig:20   | Learned a level 8 spell: Disjunction
106290 | Zig:20   | Got a scorched turquoise ring
106291 | Zig:20   | Identified the ring of Plog {rF+ Int+4} (You found it on level 20 of a ziggurat)
106292 | Zig:20   | Identified the Catalogue of the Boosting Birds
106305 | Zig:20   | Identified Zuekhypo's Incunabulum of Boosting Combat Magic
106391 | Zig:21   | Entered Level 21 of a ziggurat
106404 | Zig:21   | Reached skill level 15 in Translocations
106422 | Zig:21   | Identified Wufreh's Catalogue of Unstable Sinister Rites (Sif Muna gifted it to you on level 21 of a ziggurat)
106422 | Zig:21   | Received a gift from Sif Muna
106532 | Zig:21   | Got a crude amethyst amulet
106533 | Zig:21   | Identified the amulet "Icsearreri" {Harm *Drain rPois} (You found it on level 21 of a ziggurat)
106546 | Zig:22   | Entered Level 22 of a ziggurat
106547 | Zig:22   | Noticed mamga's ghost (legendary DEFE)
106560 | Zig:22   | Killed mamga's ghost
106609 | Zig:22   | Reached skill level 15 in Transmutations
106744 | Zig:22   | Identified the Incunabulum of Transmutation
106751 | Zig:22   | Got a glittering granite ring
106752 | Zig:22   | Identified the ring "Piluudyss" {+Fly rF+} (You found it on level 22 of a ziggurat)
106770 | Zig:23   | Entered Level 23 of a ziggurat
106801 | Zig:23   | Identified Sif Muna's Tome of Enchantment and Sinister Rites (Sif Muna gifted it to you on level 23 of a ziggurat)
106801 | Zig:23   | Received a gift from Sif Muna
106853 | Zig:23   | Reached skill level 15 in Invocations
106875 | Zig:23   | Got a smoking bronze ring
106876 | Zig:23   | Identified the ring of Cemof {*Slow MR+++ EV+2 Int+8 Stlth-} (You found it on level 23 of a ziggurat)
106905 | Zig:24   | Entered Level 24 of a ziggurat
106937 | Zig:24   | Reached skill level 25 in Fire Magic
107344 | Zig:24   | Identified the Grimoire of the Dark Frostbite
107373 | Zig:25   | Entered Level 25 of a ziggurat
107405 | Zig:25   | Received a gift from Sif Muna
107417 | Zig:25   | Reached skill level 26 in Fire Magic
107637 | Zig:25   | Identified the Disquisition on Shifting Poisoning
107665 | Zig:26   | Entered Level 26 of a ziggurat
107869 | Zig:26   | Got a wavering glass ring
107872 | Zig:26   | Identified the ring "Zothaz" {rF+ Dex+5 Stlth+} (You found it on level 26 of a ziggurat)
107910 | Zig:26   | Identified Sif Muna's Papyrus of Harmful Darkness (Sif Muna gifted it to you on level 26 of a ziggurat)
107910 | Zig:26   | Received a gift from Sif Muna
107918 | Zig:26   | Identified the Disquisition on Hexes
107926 | Zig:27   | Entered Level 27 of a ziggurat
107948 | Zig:27   | Killed from afar by a white draconian annihilator

Vault maps used:
D:1:      dpeg_arrival_long_road
D:2:      uniq_sigmund
D:3:      lemuel_old_faithful
D:4:      yredelemnul_altar_generic, first_bread, amethyst_killhole
D:5:      minmay_overflow_temple_star_quad, serial_shops, nicolae_shop_trees,
          enter_ossuary_2, uniq_edmund
D:7:      grunt_livestock
D:8:      lemuel_round_altar, erik_lair_orcish_takeover, uniq_joseph, uniq_pikel
D:9:      ashenzari_altar_1, david_orc_4, enter_bailey_8
D:10:     kennysheep_spiral_hall, nicolae_trove_entry_crossroad
D:11:     serial_shops, shop
D:12:     spider_trap, uniq_urug
D:13:     serial_shops, nicolae_shop_stone, kennysheep_generic_room_14
D:14:     david_vaults_1, serial_undead, serial_undead_a, serial_undead_f,
          serial_undead_a, serial_undead_f, minmay_tree_intersection,
          uniq_roxanne
D:15:     gammafunk_depths_entry_grave, serial_ice, serial_ice_i, serial_ice_e,
          serial_ice_d, serial_ice_n, serial_ice_b, serial_ice_c,
          minmay_misc_feat_alley, sword_in_stone
Lair:1:   minmay_lair_oklob_chamber, lemuel_fruit_tree, uniq_nergalle
Lair:3:   beast_lair_carwin_large_1, minmay_shoals_entry_centaurs,
          spider_nest_entry_rubble, lab_entry_generic
Lair:4:   serial_bayou_shore_a
Lair:5:   beast_lair_carwin_9, grunt_megastairs_3
Lair:6:   evil_forest, slime_altar_1, basic_altar, lemuel_fruit_fields,
          infiniplex_staircase_pool
Shoals:1: cheibrodos_shoals_roost, uniq_aizul
Shoals:4: shoals_end_hangedman, shoal_ilsuiw
Spider:2: minmay_another_anthill, uniq_arachne, uniq_frances
Spider:4: floodkiller_spider_rune_tomb, spider_trap, uniq_jorgrun
Slime:2:  nicolae_slime_barrier
Orc:1:    serial_shops, shop_fountains, basic_altar
Orc:2:    pf_orc_diabolical, uniq_donald, uniq_rupert, uniq_josephine,
          uniq_erolcha, uniq_snorg
Elf:1:    minmay_elf_arrival_plus, serial_shops, shop, minmay_elf_demonology,
          uniq_nikola, uniq_agnes
Elf:2:    serial_shops, shop, due_unseen_surprise
Elf:3:    elf_hall
Vaults:1: vaults_mumra_hex, v_misc_12, v_misc_31, vaults_dpeg_cross,
          v_alt_pattern_6, serial_shops, shop
Vaults:2: dpeg_vaults_monster_box, v_misc_13, hangedman_vaults_river_flow,
          v_misc_22, hangedman_vaults_stretched_pinwheel, v_rooms_2,
          grunt_vaults_bifocal, nicolae_vaults_twisting_passages, serial_shops,
          shop, nicolae_shop_overgrown_old_shop, shop, nicolae_shop_trees
Vaults:3: minmay_crypt_entry_necro_gods, v_misc_11, ontoclasm_vaults_chip,
          dpeg_vaults_waves, nicolae_vaults_little_squares_2, v_misc_25,
          nicolae_vaults_hallways_thing, nicolae_vaults_windows_and_doors_thing,
          v_pattern_2, nicolae_vaults_angled_halls, vaults_room_fours,
          nicolae_vaults_shelves_hall, vaults_dpeg_encased_lava, serial_glass
Vaults:4: ontoclasm_vaults_shuriken, nicolae_vaults_arrows,
          grunt_vaults_hallway_short, v_misc_19, grunt_vaults_hallway_short,
          v_misc_15, hangedman_vaults_snaps, v_misc_14, st_lines,
          grunt_vaults_trifunnel, ontoclasm_vaults_loading_screen,
          vaults_room_semicircle, v_pattern_4, vaults_room_ringed_pool
Vaults:5: serial_shops
Crypt:1:  ragdoll_tomb_raider, library_closet, uniq_mennas, uniq_mara,
          uniq_frederick
Crypt:3:  david_glass_crypt, tomb_entry_forgotten_bobbens
Depths:1: rand_demon_pan_entry_9, minmay_misc_feat_rows,
          nicolae_abyss_entry_one_way_or_another, hell_entry, bh_walls_and_bars
Depths:2: evilmike_diamond_1, serial_shops, kennysheep_mini_moat,
          hangedman_decor_lopped, grunt_hell_entry_dis_mu, pan_entry,
          minmay_misc_feat_roman, hangedman_abyss_or_decor_stabs,
          minmay_staircase_bubble
Depths:3: kennysheep_four_of_diamonds, enter_ziggurat_b, hell_entry, pan_entry,
          grunt_decor_fettered
Depths:4: hangedman_cross_veins, pan_entry, minmay_room_of_horrors, hell_entry,
          cheibriados_altar_1, infiniplex_staircase_9_rooms
Depths:5: grunt_zot_entry_gee_three, lightli_too_deep, uniq_xtahua
Zot:1:    lemuel_draconian_sentries
Abyss:2:  hangedman_abyss_shoalhut, evilmike_abyss_exit_plants
Abyss:3:  evilmike_nicolae_abyss_rune_betentacled_crabyss, minivault_22
Zig:6:    ziggurat_pillar_centre_c
Zig:11:   ziggurat_pillar_centre_dead_trees
Zig:17:   ziggurat_pillar_centre_oklobs
Zig:18:   ziggurat_pillar_centre_more_plants
Zig:25:   ziggurat_pillar_centre_drop
Lab:      labyrinth_hidden_loot, nicolae_lab_arrow, labyrinth_glass_1,
          nicolae_lab_grate, nicolae_lab_lava, nicolae_lab_x,
          nicolae_lab_flowing_pool, nicolae_lab_quarters, nicolae_lab_dead_end,
          nicolae_lab_blocks, labyrinth_skeletal_remains
Ossuary:  ossuary_due_pyramid
Bailey:   bailey_axe_2, bailey

Skill      XL: |  1  2  3  4  5  6  7  8  9 10 11 12 13 14 15 16 17 18 19 20 21 22 23 24 25 26 27 |
---------------+----------------------------------------------------------------------------------+-----
Conjurations   | 2 3 5 7 9 11 13 15 17 19 20 21 22 23 25 | 25.0
Fire Magic     | 5 6 7 8 10 11 13 16 18 20 21 23 26 | 26.2
Spellcasting   | 3 5 6 9 12 13 14 16 20 21 | 21.7
Fighting       | 1 6 9 13 15 20 | 20.5
Shields        | 4 20 | 20.9
Dodging        | 3 6 10 12 | 12.0
Invocations    | 6 7 12 16 | 16.5
Stealth        | 7 |  7.5
Translocations | 6 16 | 16.0
Necromancy     | 4 18 | 18.0
Transmutations | 15 | 15.0

Action                   |  1- 3 |  4- 6 |  7- 9 | 10-12 | 13-15 | 16-18 | 19-21 | 22-24 | 25-27 || total
-------------------------+-------+-------+-------+-------+-------+-------+-------+-------+-------++-------
Melee: Unarmed           |     8 |       |     6 |       |    36 |       |       |       |       ||    50
       Constrict         |     3 |       |     3 |     6 |    25 |    22 |     3 |     1 |    10 ||    73
       Tentacles         |     1 |       |     5 |    13 |    33 |    26 |     1 |     3 |    19 ||   101
       Dagger            |       |       |     9 |    66 |     4 |       |       |       |       ||    79
       Demon trident     |       |       |       |       |    86 |   164 |     8 |     5 |    37 ||   300
       Staff             |       |       |       |       |       |     3 |     3 |     3 |    25 ||    34
       Kick              |       |       |       |       |       |       |       |     2 |       ||     2
Throw: Throwing net      |       |     2 |       |       |     2 |       |       |       |       ||     4
 Cast: Flame Tongue      |    64 |    71 |   232 |   273 |   297 |    85 |       |       |       ||  1022
       Conjure Flame     |       |     1 |    20 |    28 |    24 |    19 |     3 |       |       ||    95
       Sticky Flame      |       |     1 |     5 |    31 |   129 |    24 |    23 |       |       ||   213
       Inner Flame       |       |       |       |     6 |     2 |     2 |       |       |       ||    10
       Fireball          |       |       |       |    24 |   204 |   208 |   152 |    48 |    50 ||   686
       Bolt of Fire      |       |       |       |       |    51 |   117 |   364 |    30 |    97 ||   659
       Throw Icicle      |       |       |       |       |    18 |       |       |       |       ||    18
       Orb of Destructio |       |       |       |       |    12 |    63 |    46 |    45 |    63 ||   229
       Poisonous Cloud   |       |       |       |       |       |     4 |       |       |       ||     4
       Repel Missiles    |       |       |       |       |       |     3 |     2 |     4 |     3 ||    12
       Fire Storm        |       |       |       |       |       |       |    76 |   305 |   802 ||  1183
       Blink             |       |       |       |       |       |       |     1 |     5 |    22 ||    28
       Necromutation     |       |       |       |       |       |       |       |       |    68 ||    68
       Apportation       |       |       |       |       |       |       |       |       |     8 ||     8
       Disjunction       |       |       |       |       |       |       |       |       |     4 ||     4
       Spellforged Servi |       |       |       |       |       |       |       |       |     4 ||     4
       Ring of Flames    |       |       |       |       |       |       |       |       |     3 ||     3
Invok: Channel Magic     |       |       |       |       |    10 |    18 |    34 |    25 |   124 ||   211
       Divine Energy     |       |       |       |       |       |       |       |     1 |     1 ||     2
       Stop Divine Energ |       |       |       |       |       |       |       |     1 |       ||     1
Evoke: Wand              |       |       |       |    10 |     2 |     3 |       |       |    12 ||    27
       Lamp of fire      |       |       |       |       |       |       |     1 |       |       ||     1
       Box of beasts     |       |       |       |       |       |       |       |       |     1 ||     1
       Phantom mirror    |       |       |       |       |       |       |       |       |     1 ||     1
  Use: Potion            |     1 |     2 |       |    10 |    12 |     4 |    20 |     2 |    22 ||    73
       Scroll            |       |     9 |     9 |     8 |    10 |    12 |    20 |     6 |    69 ||   143
 Stab: Sleeping          |       |       |       |       |     1 |     4 |       |       |       ||     5
       Distracted        |       |       |       |       |     1 |     1 |       |       |     1 ||     3
  Eat: Chunk             |     5 |     6 |     7 |     7 |    50 |    42 |    30 |    30 |    15 ||   192
       Fruit             |       |       |     9 |    11 |    19 |     3 |     1 |       |     4 ||    47
       Beef jerky        |       |       |     4 |     6 |       |     1 |     4 |     2 |     5 ||    22
       Pizza             |       |       |       |       |     7 |     2 |       |       |     2 ||    11
       Bread ration      |       |       |       |       |     3 |    11 |     3 |     1 |     9 ||    27
       Meat ration       |       |       |       |       |       |     1 |     5 |     3 |     2 ||    11
       Royal jelly       |       |       |       |       |       |       |     3 |       |     6 ||     9
Armor: Skin              |     4 |     3 |     3 |    57 |    50 |    40 |    38 |     2 |    21 ||   218
Dodge: Dodged            |    28 |     4 |    41 |    76 |   259 |   157 |   128 |    27 |   190 ||   910
       Deflected         |       |       |       |       |       |     6 |     8 |    13 |    11 ||    38
Block: Buckler           |       |       |       |     2 |   124 |    81 |   191 |    28 |   200 ||   626
       Reflection        |       |       |       |       |       |     1 |    42 |    17 |    14 ||    74
